 Dungeon Crawl Stone Soup version 0.32-a0-485-g70f7560b1c (webtiles) character file.

Game seed: 12140274131663461943

282 ezpacito the Trooper (level 6, -7/48 HPs)
             Began as a Demonspawn Chaos Knight on Feb 26, 2024.
             Was a Plaything of Xom.
             Mangled by an iguana (14 damage)
             ... on level 4 of the Dungeon.
             The game lasted 00:03:39 (2942 turns).

ezpacito the Trooper (Demonspawn Chaos Knight)      Turns: 2942, Time: 00:03:40

Health: -7/48      AC:  9    Str: 15    XL:     6   Next: 6%
Magic:  8/8        EV:  8    Int: 12    God:    Xom [....*.]
Gold:   207        SH:  0    Dex: 12    Spells: 3/8 levels left

rFire   . . .        a - +0 hand axe (chaos)
rCold   . . .        l - orb {light}
rNeg    . . .        o - +0 chain mail
rPois   +            s - +0 helmet
rElec   .            (no cloak)
rCorr   .            (no gloves)
SInv    .            (no boots)
Will    .....        q - amulet of faith Stlth
                     d - ring of poison resistance
HPRegen 0.28/turn    (no ring)
MPRegen 0.11/turn

%: faith
@: glowing
A: ignite blood 1, sturdy frame 1, demonic magic 2
a: Renounce Religion


You were on level 4 of the Dungeon.
You worshipped Xom.
You were a beloved toy of Xom.
You visited 1 branch of the dungeon, and saw 4 of its levels.

You collected 207 gold pieces.

Inventory:

Hand Weapons
 a - a +0 hand axe of chaos (weapon)
 h - a +1 hand axe of venom
 r - a +3 war axe
Missiles
 k - 2 poisoned darts (quivered)
Armour
 l - an orb of light (worn)
 o - a +0 chain mail (worn)
 s - a +0 helmet (worn)
Jewellery
 d - a ring of poison resistance (left hand)
 q - an amulet of faith (around neck)
Talismans
 e - a beast talisman
Scrolls
 b - a scroll of enchant weapon {unknown}
 c - a scroll of butterflies
 f - 3 scrolls of identify {unknown}
 g - 2 scrolls of fear {unknown}
 i - 2 scrolls of enchant armour {unknown}
 m - a scroll of blinking {unknown}
 p - a scroll of revelation {unknown}
Potions
 j - a potion of mutation {unknown}
 n - a potion of haste {unknown}


   Skills:
 * Level 3.7 Fighting
 * Level 3.3(3.4) Axes
 + Level 1.0(2.3) Polearms
 * Level 2.3 Armour
 * Level 1.9 Dodging
 + Level 1.5 Stealth
 * Level 1.7 Unarmed Combat
 * Level 1.7 Spellcasting
 + Level 1.0 Hexes
 + Level 1.0 Ice Magic


You had 3 spell levels left.
You knew the following spells:

 Your Spells              Type           Power      Damage    Failure   Level
a - Ensorcelled Hibernat  Hex/Ice        6%         N/A       89%         2
b - Inner Flame           Hex/Fire       2%         N/A       99%         3

Your spell library contained the following spells:

 Spells                   Type           Power      Damage    Failure   Level
 Passwall                 Erth           1%         N/A       99%         3
 Swiftness                Air            1%         N/A       99%         3
 Irradiate                Conj/Alch      0%         3d11      100%        5
 Ignition                 Fire           0%         3d3       100%        8


Dungeon Overview and Level Annotations

Branches:
Dungeon (4/15)
 Temple: D:4-7

Altars:
Cheibriados
Wu Jian


Innate Abilities, Weirdness & Mutations

Your demonic aura sometimes causes spilled blood to erupt in flames.
Your movements are slightly less encumbered by armour. (ER -2)
Spells you cast may paralyse nearby enemies.


Message History

You swap places.
The iguana barely misses you.
You hit the iguana but do no damage. The iguana closely misses you.
You hit the iguana but do no damage.
The iguana falls asleep!
The iguana hisses angrily.
The iguana bites you. x2
You hit the iguana.
The iguana is moderately wounded.
The iguana bites you.
You hit the iguana but do no damage.
The iguana suddenly seems more resistant.
The iguana is moderately wounded.
The iguana bites you.
You hit the iguana.
The iguana blinks!
The iguana is moderately wounded.
An iguana is nearby!
An iguana is nearby!
Your goblin zombie is engulfed in blazing flames.
You destroy your goblin zombie!
You hit the iguana.
The iguana is heavily wounded.
The iguana bites you!
You hit the iguana but do no damage.
The iguana is poisoned.
The iguana is heavily wounded.
The iguana bites you!
You are too injured to fight recklessly!
You are too injured to fight recklessly!
You are too injured to fight recklessly!
You are too injured to fight recklessly!
You are too injured to fight recklessly!
You are too injured to fight recklessly!
An iguana is nearby!
You are too injured to fight recklessly!
You hit the iguana.
The iguana seems to grow stronger.
The iguana is heavily wounded.
The iguana bites you!
* * * LOW HITPOINT WARNING * * *
You hit the iguana but do no damage.
The iguana is heavily wounded.
The iguana bites you!
You die...

##### #...########
###...#......####### ####
##.....'.............
..(..##..#...#......##.....
........##.).#......##.....
.....>)...@l).......+......
.....####....#......##.....
... ....##.....<.####..≈ .
#...###.......# #Z.≈≈
.....# #.......###..≈≈
#..##.###.####....#))≈≈
.... [.#...))).......).≈
.## ##########....##)..
#########)


You could see an iguana (strong, resistant, very poisoned).

Vanquished Creatures
  A scorpion (D:4)
  A hound (D:4)
  Jessica (D:3)
  Terence (D:3)
  An adder (D:4)
  3 dart slugs
  A ribbon worm (D:2)
  10 orcs
  7 ball pythons
  10 goblins
  7 hobgoblins
  3 jackals (D:1)
  9 kobolds
  3 quokkas
  5 bats
  2 frilled lizards
  A goblin zombie (D:4)
  10 rats
76 creatures vanquished.

Vanquished Creatures (collateral kills)
  An iguana (D:4)
  Robin (D:4)
  A dart slug (D:4)
  An endoplasm (D:4)
  3 goblins (D:4)
7 creatures vanquished.

Grand Total: 83 creatures vanquished

Notes
Turn   | Place    | Note
-------+----------+-------------------------------------------
     0 | D:1      | ezpacito the Demonspawn Chaos Knight began the quest for
                  | the Orb.
     0 | D:1      | Reached XP level 1. HP: 18/18 MP: 1/1
    29 | D:1      | XOM: silly message
   116 | D:1      | Reached skill level 1 in Dodging
   124 | D:1      | Gained mutation: Your demonic aura sometimes causes spilled
                  | blood to erupt in flames. [demonic ancestry]
   124 | D:1      | Reached XP level 2. HP: 24/24 MP: 2/2
   315 | D:1      | XOM: divination: magic mapping
   368 | D:1      | XOM: cloud trail
   704 | D:1      | XOM: silly message
   978 | D:2      | Gained mutation: Spells you cast may paralyse adjacent
                  | enemies. [demonic ancestry]
   978 | D:2      | Reached XP level 3. HP: 29/29 MP: 4/4
  1004 | D:2      | Learned a level 2 spell: Ensorcelled Hibernation
  1162 | D:2      | XOM: silly message
  1201 | D:2      | Reached skill level 1 in Unarmed Combat
  1570 | D:3      | Noticed Terence
  1582 | D:3      | Killed Terence
  1583 | D:3      | Reached skill level 1 in Stealth
  1583 | D:3      | Reached skill level 1 in Spellcasting
  1583 | D:3      | Reached XP level 4. HP: 7/35 MP: 5/5
  1741 | D:3      | Noticed Jessica
  1750 | D:3      | Killed Jessica
  1898 | D:3      | Found an ornate altar of the Wu Jian Council.
  1988 | D:3      | XOM: silly message
  2120 | D:3      | XOM: silly message
  2211 | D:3      | XOM: confuse monster(s)
  2281 | D:3      | XOM: cloud trail
  2643 | D:4      | Gained mutation: Spells you cast may paralyse nearby
                  | enemies. [demonic ancestry]
  2643 | D:4      | Reached XP level 5. HP: 18/41 MP: 7/7
  2676 | D:4      | XOM: divination: detect creatures
  2737 | D:4      | Learned a level 3 spell: Inner Flame
  2742 | D:4      | Found a snail-covered altar of Cheibriados.
  2742 | D:4      | XOM: 9-stop teleportation journey
  2754 | D:4      | Reached skill level 1 in Polearms
  2801 | D:4      | Noticed Robin
  2812 | D:4      | Killed Robin
  2813 | D:4      | Reached skill level 1 in Ice Magic
  2853 | D:4      | Reached skill level 1 in Hexes
  2853 | D:4      | Gained mutation: Your movements are slightly less
                  | encumbered by armour. (ER -2) [demonic ancestry]
  2853 | D:4      | Reached XP level 6. HP: 33/48 MP: 8/8
  2942 | D:4      | Mangled by an iguana

Illustrated notes

Levels and vault maps discovered:
D:1:      eino_arrival_cavern_a, layout_loops_ring
D:2:      layout_rooms, serial_glass, glass_columns_b, glass_columns_b,
          glass_columns_a, glass_columns_a, glass_columns_b, glass_columns_a,
          serial_bayou_ford_a
D:3:      layout_basic, mainiacjoe_overflow_six_doors_small,
          minmay_misc_feat_columns, uniq_jessica, uniq_terence
D:4:      layout_basic, mainiacjoe_overflow_catwalk, uniq_robin

Skill      XL: |  1  2  3  4  5 |
---------------+----------------+-----
Dodging        | 1 |  1.9
Unarmed Combat | 1 |  1.7
Axes           | 3 |  3.3
Armour         | 2 |  2.3
Stealth        | 1 |  1.5
Spellcasting   | 1 |  1.7
Polearms       | 1 |  1.0
Ice Magic      | 1 |  1.0
Hexes          | 1 |  1.0
Fighting       | |  3.7

Action                     |  1- 3 |  4- 6 || total
---------------------------+-------+-------++-------
  Melee: Hand axe          |   127 |    87 ||   214
    Use: Potion            |     1 |       ||     1
   Stab: Confused          |     3 |       ||     3
 Armour: Leather armour    |    80 |       ||    80
         Chain mail        |       |    74 ||    74
  Dodge: Dodged            |    73 |    31 ||   104

Table legend: (Time is in decaauts)
 A = Elapsed time spent in this place.
 B = Non-inter-level travel time spent in this place.
 C = Inter-level travel time spent in this place.
 D = Time resting spent in this place.
 E = Time spent auto-exploring this place.
 F = Levels seen in this place.
 G = Mean time per level.
                   A        B        C        D        E       F      G
               +--------+--------+--------+--------+--------+-----+--------+
         Total |   2986 |   2887 |     99 |     21 |   2306 |   4 |  746.5 |
       Dungeon |   2986 |   2887 |     99 |     21 |   2306 |   4 |  746.5 |
               +--------+--------+--------+--------+--------+-----+--------+

Top non-repeatable levels by time:
     D:3: 1030 daAuts
     D:1: 979 daAuts
     D:2: 568 daAuts
     D:4: 408 daAuts
